 Dungeon Crawl Stone Soup version 0.30-a0-870-gc5d4c5acee (webtiles) character file.

Game seed: 12519011977406033117

152 cforsyth the Shooter (level 5, -3/44 HPs)
             Began as a Barachi Hunter on Mar 11, 2023.
             Killed from afar by Ijyb (10 damage)
             ... with an iceblast
             ... on level 4 of the Dungeon.
             The game lasted 00:02:43 (2367 turns).

cforsyth the Shooter (Barachi Hunter)               Turns: 2367, Time: 00:02:44

Health: -3/44      AC:  7    Str: 12    XL:     5   Next: 34%
Magic:  5/5        EV: 12    Int:  9    God:
Gold:   262        SH:  0    Dex: 18    Spells: 4/4 levels left

rFire   . . .      SeeInvis .    a - +0 shortbow
rCold   + . .      Faith    .    (shield currently unavailable)
rNeg    . . .      Spirit   .    c - +0 leather armour
rPois   .          Reflect  .    (no helmet)
rElec   .          Rampage  .    (no cloak)
rCorr   .                        (no gloves)
Will    .....                    (no boots)
Stlth   ++                       j - amulet of magic regeneration
HPRegen 0.27/turn                e - +4 ring of protection
MPRegen 0.49/turn                g - ring of protection from cold

@: slow
A: amphibious, slowness 1, strong legs 1, +LOS
a: Hop


You were on level 4 of the Dungeon.
You visited 1 branch of the dungeon, and saw 4 of its levels.

You collected 262 gold pieces.

Inventory:

Hand Weapons
 a - a +0 shortbow (weapon)
Armour
 c - a +0 leather armour (worn)
Jewellery
 e - a +4 ring of protection (left hand)
 g - a ring of protection from cold (right hand)
 j - an amulet of magic regeneration (around neck)
 k - a ring of protection from fire
Wands
 l - a wand of charming (4)
Scrolls
 b - 2 scrolls of immolation
 d - a scroll of amnesia {unknown}
 f - 6 scrolls of teleportation {unknown}
 h - a scroll of brand weapon {unknown}
 p - a scroll of silence {unknown}
 q - a scroll of enchant weapon {unknown}
Potions
 i - a potion of might {unknown}
 m - a potion of heal wounds {unknown}
 n - a potion of cancellation {unknown}
 o - a potion of attraction {unknown}
 r - 3 potions of curing {unknown}
 s - a potion of invisibility {unknown}


   Skills:
 + Level 5.0 Fighting
 - Level 5.2 Ranged Weapons
 + Level 0.0 Armour
 - Level 2.1 Dodging
 - Level 0.8 Stealth


You had 4 spell levels left.
You didn't know any spells.
Your spell library contained the following spells:

 Spells                   Type           Power      Damage    Failure   Level
 Sandblast                Erth           0%         2d4       45%         1
 Passwall                 Tmut/Erth      0%         N/A       61%         2
 Ozocubu's Armour         Ice            0%         N/A       83%         3
 Stone Arrow              Conj/Erth      0%         3d7       83%         3
 Ozocubu's Refrigeration  Ice            0%         4d7       100%        7


Dungeon Overview and Level Annotations

Branches:
Dungeon (4/15)             Temple (0/1) D:4

Altars:
Gozag
Kikubaaqudgha
Makhleb
Qazlal
Yredelemnul

Shops:
D:2 :

Annotations:
D:4 Ijyb


Innate Abilities, Weirdness & Mutations

You are amphibious.
You cover ground slowly.
You can hop short distances.
You have an extended range of vision and can be seen from far away.


Message History

Where to? (Enter - D:3, ? - help)
Things that are here:
a +0 club; a +0 war axe; a +0 club
There is a stone staircase leading down here.
You climb downwards.
There is a stone staircase leading up here.
A goblin comes into view. It is wielding a +0 club.
A goblin is nearby!
A goblin is nearby!
A goblin is nearby!
You shoot an arrow. The arrow hits the goblin!
You kill the goblin!
No target in view!
No target in view!
No target in view!
You see here a +0 club.
r - 3 red potions (gained 1)
Found a staircase to the Ecumenical Temple.
Found a spear.
s - a fuming blue potion Ijyb the Twisted Goblin comes into view.
She is wielding a +0 dagger and carrying a wand of iceblast (6).
Ijyb is nearby!
You shoot an arrow. The arrow completely misses Ijyb.
You shoot an arrow. The arrow barely misses Ijyb.
You shoot an arrow. The arrow hits Ijyb but does no damage.
Ijyb zaps a wand.
The mass of ice explodes!
The iceblast engulfs you! You partially resist.
You shoot an arrow. The arrow closely misses Ijyb.
Ijyb zaps a wand.
The mass of ice explodes!
The iceblast engulfs you! You partially resist.
You are too injured to fight recklessly!
You are too injured to fight recklessly!
You are too injured to fight recklessly!
You are too injured to fight recklessly!
Found a yellow potion.
Ijyb zaps a wand.
The mass of ice explodes!
The iceblast engulfs you! You partially resist.
* * * LOW HITPOINT WARNING * * *
You hear a bark!
You hear an angry hiss.
Found a spear.
Ijyb zaps a wand.
The mass of ice explodes!
The iceblast engulfs you! You partially resist.
You die...

#.#.##.........# .g.
#........##....# #.#
###.###.....#..##
#.# #.............#
#.#
#####....#.#..####.#
#............g.#
#...#.8.#...####
#...#.......#...#
#.#...8.>@8...#.#
#...#.......#...#
......#.8.#....##
.#####.......##.# ..
##.#.#... .# ..
#..)...#### ...#..!.
.... .... .. .. )..


You could see Ijyb.

Vanquished Creatures
  A hound zombie (D:3)
  3 adders
  3 dart slugs
  5 orcs (D:3)
  7 ball pythons
  11 endoplasms
  2 giant cockroaches
  9 goblins
  7 hobgoblins
  10 jackals
  6 kobolds
  3 quokkas (D:3)
  10 bats
  3 frilled lizards
  A quokka zombie (D:3)
  8 rats
89 creatures vanquished.

Notes
Turn   | Place    | Note
-------+----------+-------------------------------------------
     0 | D:1      | cforsyth the Barachi Hunter began the quest for the Orb.
     0 | D:1      | Reached XP level 1. HP: 17/17 MP: 1/1
    28 | D:1      | Reached XP level 2. HP: 19/23 MP: 2/2
   219 | D:1      | Reached XP level 3. HP: 29/29 MP: 3/3
   431 | D:1      | Found a faded altar of an unknown god.
   677 | D:2      | Found a stormy altar of Qazlal.
   790 | D:2      | Found Fummy's Vocational Training.
   920 | D:2      | Reached XP level 4. HP: 25/37 MP: 4/4
  1321 | D:2      | Reached skill level 5 in Ranged Weapons
  1447 | D:3      | Found a burning altar of Makhleb.
  1583 | D:3      | Found an opulent altar of Gozag.
  1686 | D:3      | Found an ancient bone altar of Kikubaaqudgha.
  1862 | D:3      | Reached XP level 5. HP: 43/43 MP: 5/5
  2230 | D:3      | Reached skill level 5 in Fighting
  2234 | D:3      | Found a basalt altar of Yredelemnul.
  2334 | D:4      | Found a staircase to the Ecumenical Temple.
  2354 | D:4      | Noticed Ijyb
  2367 | D:4      | Killed from afar by Ijyb

Illustrated notes

Levels and vault maps discovered:
D:1:      beargit_arrival_greenhouse, layout_loops_ring,
          hellmonk_ecumenical_altar_crossroads, serial_bayou_pond_b,
          minmay_pentomino_v2
D:2:      minmay_diamond_boxcup, layout_loops_ring, basic_altar,
          nicolae_shop_vocational
D:3:      minmay_razor_zed, layout_loops_cross,
          nicolae_gozag_cash_rules_everything_around_me,
          mainiacjoe_overflow_concentric_impassable,
          lemuel_zombie_altar_yredelemnul, nicolae_overflow_crystal_walls
D:4:      layout_loops_cross, grunt_qazlal_sundering,
          minmay_temple_entry_sparse_star, item_on_display_a, uniq_ijyb

Skill      XL: |  1  2  3  4  5 |
---------------+----------------+-----
Fighting       | 3 4 5 |  5.0
Ranged Weapons | 5 |  5.2
Dodging        | |  2.1
Stealth        | |  0.8

Action                     |  1- 3 |  4- 6 || total
---------------------------+-------+-------++-------
   Fire: Shortbow          |   102 |   121 ||   223
 Armour: Leather armour    |     9 |    18 ||    27
  Dodge: Dodged            |    25 |    27 ||    52

Table legend: (Time is in decaauts)
 A = Elapsed time spent in this place.
 B = Non-inter-level travel time spent in this place.
 C = Inter-level travel time spent in this place.
 D = Time resting spent in this place.
 E = Time spent auto-exploring this place.
 F = Levels seen in this place.
 G = Mean time per level.
                   A        B        C        D        E       F      G
               +--------+--------+--------+--------+--------+-----+--------+
         Total |   2821 |   2635 |    186 |      0 |   2200 |   4 |  705.2 |
       Dungeon |   2821 |   2635 |    186 |      0 |   2200 |   4 |  705.2 |
               +--------+--------+--------+--------+--------+-----+--------+

Top non-repeatable levels by time:
     D:3: 1014 daAuts
     D:2: 1002 daAuts
     D:1: 717 daAuts
     D:4: 87 daAuts
